[Event "Early-Titled-Tuesday-Blitz-April-16-2024"]
[Site "Chess.com"]
[Date "2024.04.16"]
[Round "2"]
[White "Dzidzik2203"]
[Black "M1711"]
[Result "0-1"]
[WhiteElo "2416"]
[BlackElo "2708"]
[TimeControl "180+1"]
[EndTime "8:18:29 PDT"]
[Termination "M1711 won by checkmate"]

1. b3 d5 2. Nf3 Bg4 3. Ne5 Bf5 4.
Bb2 f6 5. Nf3 e5 6. d3 Nc6 7. g3 Bb4+ 8. Nbd2 e4 9. Nh4 Be6 10.
c3 g5 11. cxb4 gxh4 12. dxe4 Nxb4 13. Bg2 h3 14. Bf3 Qd7 15. O-O O-O-O 16. Qc1 Ne7 17. Bxf6 Rhf8 18. Bxe7 Qxe7 19. a3 Nc6 20. Qb2 dxe4 21.
Nxe4 Bd5 22. Nd2 Kb8 23. Rac1 Nd4 24. Qxd4 Bxf3 25. Qe3 Qxe3 26. fxe3 Bxe2 27. Rxf8 Rxf8 28. Re1 Bb5 29. e4 Kc8 30. e5 Kd7 31. Ne4 Ke7 32. Ng5 h6 33. Nxh3 Rf3 34. Nf4 Rxb3 35. e6 Bc6 36.
Ng6+ Kf6 37. Nf4 Ke7 38. Ng6+ Kf6 39. Nh4 Rxa3 40. Kf2 Ra2+ 41. Ke3 Kxe6 42. Kf4+ Kd7 43. Nf5 Rxh2 44. Re7+ Kd8 45. Rg7 b6 46. Ke5 Re2+ 47.
Kf6 Kc8 48. Ne7+ Kb7 49. Nf5 a5 50. Nxh6 a4 51. Nf5 a3 52. Nd6+ Ka6 53. Rxc7 a2 54.
Rxc6 a1=Q+ 55. Kf7 Rf2+ 56. Ke7 Qf6+ 57. Kd7 Rd2 58. Kc7 Qe7+ 59. Kb8 Rxd6 60. Rc7 Qd8+ 61. Rc8 Qd7 62. Ka8 Qb7# 0-1

[Event "Early-Titled-Tuesday-Blitz-April-16-2024"]
[Site "Chess.com"]
[Date "2024.04.16"]
[Round "2"]
[White "Meri-Arabidze"]
[Black "andong36"]
[Result "1/2-1/2"]
[WhiteElo "2683"]
[BlackElo "2426"]
[TimeControl "180+1"]
[EndTime "8:18:30 PDT"]
[Termination "Game drawn by stalemate"]

1. Nf3 c6 2. b3 d5 3. Bb2 Bf5 4. g3 Nd7 5. Bg2 Bg6 6. O-O Qc7 7. d3 e5 8. Nbd2 Bd6 9. e4 Ne7 10. Nh4 O-O-O 11. a3 f6 12. Nxg6 hxg6 13. exd5 Nxd5 14. c4 Ne7 15. b4 Nf5 16. c5 Be7 17. Nc4 Nf8 18.
a4 Ne6 19. Rc1 Rd7 20. Re1 Rhd8 21. Be4 Ng5 22. Qg4 Nh6 23. Qe2 Nf5 24. Bxf5 gxf5 25.
Nxe5 fxe5 26. Bxe5 Qxe5 27. Qxe5 Nf3+ 28. Kg2 Nxe5 29.
Rxe5 Bg5 30. Rce1 Rd5 31. d4 Bf6 32. Rxd5 Rxd5 33. b5 Rxd4 34. Re8+ Kd7 35. Ra8 Rxa4 36. b6 a6 37. Rb8 Bd4 38. Rxb7+ Ke6 39. Rc7 Kd5 40. Rf7 Bf6 41. Ra7 Kxc5 42. b7 Rb4 43. Rxa6 Rxb7 44. Kf3 g5 45. Ra5+ Rb5 46. Ra8 Bd4 47.
Rg8 Rb2 48. g4 Rxf2+ 49. Kg3 f4+ 50. Kh3 Rf3+ 51. Kg2 Rf2+ 52. Kh3 Bf6 53. Rxg5+ Bxg5 1/2-1/2

[Event "Early-Titled-Tuesday-Blitz-April-16-2024"]
[Site "Chess.com"]
[Date "2024.04.16"]
[Round "2"]
[White "temiksmozg"]
[Black "viditchess"]
[Result "0-1"]
[WhiteElo "2650"]
[BlackElo "3133"]
[TimeControl "180+1"]
[EndTime "8:18:32 PDT"]
[Termination "viditchess won on time"]

1. d4 Nf6 2. c4 e6 3. Nf3 b6 4. a3 Bb7 5. Nc3 d5 6. Bg5 Be7 7. e3 Nbd7 8. Rc1 O-O 9. cxd5 exd5 10. Bd3 h6 11. Bh4 c5 12. O-O Re8 13. Qc2 Rc8 14.
Qb1 Bd6 15. Rfd1 a6 16. Bf5 g5 17. Bg3 Bxg3 18. hxg3 c4 19. Ne5 Rc7 20. Nxd7 Nxd7 21.
e4 dxe4 22. Bxe4 Nf6 23. Bxb7 Rxb7 24. Qf5 Rbe7 25. Kh2 Qd6 26. f3 b5 27. Rd2 Kg7 28.
Rcd1 Re3 29. Qc5 Ng4+ 30. Kh3 Qxc5 31. dxc5 Ne5 32. Nd5 Rd3 33. Nc7 Red8 34. Rxd3 Nxd3 35. Kh2 a5 36. Nxb5 Rd5 37. Rd2 Rxc5 38. Nc3 Rc7 39.
Rc2 Rb7 40. Nd1 Ne5 41. Ne3 Rc7 42. f4 gxf4 43. gxf4 Nd3 44. g3 a4 45. Rxc4 Rb7 46. Rxa4 Rxb2+ 47. Kg1 Rb3 48. Ra6 h5 49. Nf5+ Kh7 50.
Kg2 Nc5 51. Rh6+ Kg8 52. Rxh5 Ne4 53. Ne7+ Kf8 54. Nf5 Kg8 55. Rh3 Rxa3 56. Rh4 f6 57. Rg4+ Kf7 58. Nh6+ Ke6 59. Rg8 Ra2+ 60. Kh3 Nd6 61.
Ng4 Ra3 62. Rg6 Ne4 63. Nf2 Nxf2+ 64. Kg2 Ne4 65. g4 Kf7 66. Rh6 Kg7 67. Rh4 Kg6 68.
Kh2 Rf3 0-1

[Event "Early-Titled-Tuesday-Blitz-April-16-2024"]
[Site "Chess.com"]
[Date "2024.04.16"]
[Round "2"]
[White "JG-17"]
[Black "Makswolf200817"]
[Result "0-1"]
[WhiteElo "2544"]
[BlackElo "2774"]
[TimeControl "180+1"]
[EndTime "8:18:33 PDT"]
[Termination "Makswolf200817 won on time"]

1. e4 c5 2. Nf3 d6 3. d4 cxd4 4. Nxd4 Nf6 5. Nc3 a6 6. g3 e5 7. Nde2 b5 8. Bg2 Bb7 9. Bg5 Nbd7 10. O-O Be7 11. Qd2 O-O 12. Rad1 b4 13. Bxf6 Nxf6 14. Nd5 Nxd5 15. exd5 a5 16. c3 Ba6 17. Rfe1 Bg5 18.
f4 Bf6 19. cxb4 Qb6+ 20. Kh1 axb4 21. fxe5 Bxe5 22. Nd4 Bb7 23. Nc6 Bxc6 24. dxc6 Rxa2 25. Rb1 Bc3 26. Qd5 Rxb2 27. Rxb2 Bxb2 28. Qxd6 Bc3 29. Rd1 Bf6 30. Qd7 Rd8 31. c7 Qxc7 32. Qxc7 Rxd1+ 33. Bf1 Rxf1+ 34. Kg2 Rd1 35. Qb8+ Rd8 36. Qxb4 g6 37.
h4 Kg7 38. Qb6 h5 39. Qa5 Rd3 40. Qb5 Rc3 41. Qd5 Re3 42. Qc5 Rb3 43. Qd5 Rb2+ 44. Kf3 Rc2 45. Qe4 Rc5 46. Qb4 Rd5 47. Kg2 Be5 48.
Qe4 Rd2+ 49. Kf3 Kf6 50. Qc6+ Rd6 51. Qe4 Rb6 52. Kg2 Rb3 53. Qc6+ Kg7 54. Qe4 Rxg3+ 55. Kf2 f6 56. Qb7+ Kh6 57. Qf7 f5 58. Qf8+ Bg7 59. Qf7 Rg4 60. Qe7 Kh7 61. Qd8 Bd4+ 62. Ke2 Bg7 63. Qe7 Rf4 64. Kd3 Re4 65. Qf7 Rxh4 0-1

[Event "Early-Titled-Tuesday-Blitz-April-16-2024"]
[Site "Chess.com"]
[Date "2024.04.16"]
[Round "2"]
[White "sathvikadiga"]
[Black "TenisMaster"]
[Result "0-1"]
[WhiteElo "2599"]
[BlackElo "2920"]
[TimeControl "180+1"]
[EndTime "8:18:35 PDT"]
[Termination "TenisMaster won by checkmate"]

1. e4 e5 2. Nf3 Nc6 3. Bc4 Bc5 4. O-O Nf6 5. d3 d6 6. c3 a6 7. Bb3 O-O 8. Nbd2 Re8 9. h3 h6 10. Re1 Be6 11. Nf1 d5 12. exd5 Bxd5 13. Bc2 Qd7 14. Ng3 Rad8 15. Be3 Bf8 16. Qe2 g6 17. Rad1 Qc8 18.
a3 Bg7 19. Ne4 Nxe4 20. dxe4 Be6 21. Rxd8 Rxd8 22. Rd1 Na5 23. Rxd8+ Qxd8 24. Bc1 Qd7 25. Qd2 Qe8 26. Qe2 Nb3 27. Be3 Qc6 28. Qd3 Kh7 29.
Qd8 Nc5 30. Nd2 b6 31. Qe7 Nb7 32. Bb3 Bxb3 33. Nxb3 Kg8 34. Nd2 Nd6 35. Qd8+ Kh7 36. Qe7 a5 37. f3 a4 38. h4 h5 39. Kh2 f6 40. Nf1 Kg8 41. Qd8+ Kf7 42. Ng3 Bf8 43. f4 Nc4 44. Bc1 exf4 45. Bxf4 Nxb2 46. e5 fxe5 47. Bxe5 Nc4 48. Bd4 Qd6 49. Qa8 b5 50. Qf3+ Ke8 51. Qa8+ Kd7 52. Qf3 Be7 53. Kh3 Nxa3 54. Ne4 Qe6+ 55. Kh2 Nc4 56. Bc5 Qe5+ 57. Kh1 Bxc5 58. Qf7+ Be7 59. Qxg6 a3 60. Qg3 Qxg3 61. Nxg3 a2 62.
Kh2 a1=Q 63. Nf5 Qxc3 64. Nxe7 Qe5+ 65. Kh3 Kxe7 66. g3 Ne3 67. Kh2 Qb2+ 68. Kh3 Qg2# 0-1

[Event "Early-Titled-Tuesday-Blitz-April-16-2024"]
[Site "Chess.com"]
[Date "2024.04.16"]
[Round "2"]
[White "Djager97"]
[Black "LeninGuerra"]
[Result "1/2-1/2"]
[WhiteElo "2565"]
[BlackElo "2796"]
[TimeControl "180+1"]
[EndTime "8:18:36 PDT"]
[Termination "Game drawn by repetition"]

1. e4 c5 2. Nc3 e6 3. f4 b6 4. Nf3 Bb7 5. d4 cxd4 6. Nxd4 Nf6 7. Bd3 a6 8. Be3 d6 9. O-O Nbd7 10. Qf3 Be7 11. Kh1 Nc5 12. g4 d5 13. e5 Nfe4 14.
f5 O-O 15. Rad1 Qc7 16. Bf4 f6 17. exf6 e5 18. fxe7 Qxe7 19. Nde2 Nxc3 20. bxc3 d4 21. Bc4+ Kh8 22. Bd5 Bxd5 23. Qxd5 exf4 24. Nxf4 Rad8 25. Qf3 dxc3 26. Rde1 Qg5 27. h3 Rd4 28. Ne6 Nxe6 29.
Rxe6 h5 30. Rg6 Qh4 31. Qxc3 Rd7 32. f6 Kg8 33. Qc4+ Kh7 34. Rxg7+ Rxg7 35. fxg7 Qxh3+ 36. Kg1 Rxf1+ 37. Qxf1 Qxg4+ 38. Kh2 Kxg7 39. Qxa6 Qf4+ 40. Kg2 Qg4+ 41. Kh2 Qe6 42. Qb7+ Kg6 43. Qg2+ Kh6 44.
Qd2+ Kg6 45. Qd3+ Kg5 46. Qd2+ Kf6 47. Qf4+ Ke7 48. Qg5+ Kd6 49. Qxh5 Qf6 50. Qd1+ Kc5 51. Qd3 Qe5+ 52. Kg2 Qa1 53. a3 Qe1 54. Kf3 b5 55. Qe3+ Qxe3+ 56. Kxe3 Kc4 57. Kd2 Kd4 58. c3+ Kc4 59.
Kc2 Kc5 60. Kb3 Kc6 61. Kb4 Kb6 62. Kb3 Kc5 63. Kb2 Kc6 64. Kc1 Kc5 65. Kd2 Kc4 66.
Kc2 Kc5 67. Kd3 Kd5 68. Kd2 Kc4 1/2-1/2

[Event "Early-Titled-Tuesday-Blitz-April-16-2024"]
[Site "Chess.com"]
[Date "2024.04.16"]
[Round "2"]
[White "NovoselovRoman"]
[Black "BardArtem"]
[Result "1/2-1/2"]
[WhiteElo "2584"]
[BlackElo "2852"]
[TimeControl "180+1"]
[EndTime "8:18:37 PDT"]
[Termination "Game drawn by repetition"]

1. e4 d5 2. exd5 Qxd5 3. Nc3 Qe5+ 4. Be2 Bg4 5. d4 Bxe2 6. Ngxe2 Qa5 7. O-O Nf6 8. Bf4 Nc6 9. a4 O-O-O 10. Nb5 e5 11. Bd2 Qb6 12. c4 exd4 13. Bf4 Bd6 14. Bxd6 cxd6 15.
Nexd4 Nxd4 16. Nxd4 a5 17. Nb5 Kb8 18. Qf3 d5 19. cxd5 Nxd5 20. Rad1 Nc7 21. Qg3 Rhe8 22. h3 f5 23. Rxd8+ Rxd8 24. Re1 g5 25. Qxg5 Nxb5 26.
axb5 Rd5 27. Qg8+ Rd8 28. Re8 Rxe8 29. Qxe8+ Ka7 30. Qe5 Qh6 31. Qc5+ Kb8 32. b6 Qc6 33. Qe5+ Kc8 34. Qxf5+ Kd8 35. Qf8+ Kd7 36. Qf7+ Kd8 37. Qg8+ Ke7 38. Qxh7+ Kd8 39. Qd3+ Ke7 40. Qe3+ Kd8 41. h4 Qc4 42. h5 Qc2 43. h6 Qd1+ 44. Kh2 Qh5+ 45. Qh3 Qe5+ 46. g3 Qxb2 47. Qh4+ Kd7 48. Qg4+ Kc6 49. Qf3+ Kxb6 50. h7 Qh8 51. Qf7 a4 52. Qg8 Qb2 53. h8=Q Qxf2+ 54. Kh3 Qf1+ 55. Kh4 Qh1+ 56. Kg5 Qc1+ 57. Kh5 Qh1+ 58. Kg6 Qe4+ 59. Kf7 Qf5+ 60. Ke7 Qc5+ 61. Ke8 Qc8+ 62. Kf7 Qf5+ 63.
Kg7 Qg5+ 64. Kf7 Qf5+ 1/2-1/2

[Event "Early-Titled-Tuesday-Blitz-April-16-2024"]
[Site "Chess.com"]
[Date "2024.04.16"]
[Round "2"]
[White "Herzog2012"]
[Black "Nikolakis2014"]
[Result "1-0"]
[WhiteElo "2526"]
[BlackElo "2731"]
[TimeControl "180+1"]
[EndTime "8:18:37 PDT"]
[Termination "Herzog2012 won by resignation"]

1. e4 d6 2. d4 Nf6 3. Nc3 e5 4. Nf3 Nbd7 5. Bc4 Be7 6. O-O O-O 7. h3 c6 8. Re1 a5 9. a4 Qc7 10. b3 h6 11. Ba3 Re8 12. Qd2 Nf8 13. Rad1 Ng6 14.
dxe5 dxe5 15. Bxe7 Qxe7 16. Qd6 Be6 17. Bxe6 Qxe6 18.
Qxe6 Rxe6 19. Rd2 Kf8 20. Red1 Ree8 21. g3 Ke7 22. Nh2 Red8 23. Nf1 Ne8 24. Ne3 Rxd2 25. Rxd2 Nd6 26. Nf5+ Nxf5 27. exf5 Nf8 28. Ne4 Nd7 29. Kf1 b6 30. Ke2 f6 31. Ke3 Rb8 32. Rd6 Rc8 33.
Re6+ Kf8 34. Kd3 b5 35. axb5 cxb5 36. Ra6 Rd8 37. Rxa5 Nb6+ 38. Ke2 Rc8 39. Rxb5 Rxc2+ 40. Kd3 Rc6 41. Rc5 Rxc5 42. Nxc5 Ke7 43. Ke4 Kd6 44. Ne6 g6 45. f4 Nd7 46. fxe5+ Nxe5 47. Nf4 g5 48.
Nd5 Nd7 49. Kd4 Nc5 50. b4 Nb3+ 51. Kc4 Nd2+ 52. Kd3 Nf1 53. Nxf6 Ke5 54. Ne4 Kxf5 55. b5 Ke6 56. b6 Kd7 57. Ke2 Nh2 58. g4 Kc6 59.
Kf2 Kxb6 60. Kg2 Nxg4 61. hxg4 Kc6 62. Ng3 Kd5 63. Nf5 Ke5 64. Nxh6 Kf4 65. Kh3 Kf3 66. Nf7 Kf4 67. Nd6 Kf3 68. Nc4 Kf4 69. Nd2 Ke3 70.
Nf1+ Kf3 71. Ng3 Kf4 72. Nf5 Kf3 73. Ng7 Kf4 74. Ne6+ Ke5 75. Nxg5 Kf4 76. Kh4 1-0

[Event "Early-Titled-Tuesday-Blitz-April-16-2024"]
[Site "Chess.com"]
[Date "2024.04.16"]
[Round "2"]
[White "Nitzan_Steinberg"]
[Black "Statham_01"]
[Result "1/2-1/2"]
[WhiteElo "2892"]
[BlackElo "2598"]
[TimeControl "180+1"]
[EndTime "8:18:38 PDT"]
[Termination "Game drawn - insufficient material"]

1. Nf3 d5 2. d4 Nf6 3. c4 e6 4. g3 dxc4 5. Bg2 Nc6 6. O-O Rb8 7. Nc3 b5 8. Bg5 Be7 9. Re1 b4 10. Na4 Bb7 11. Rc1 Na5 12. Bxf6 Bxf6 13. Nc5 Bc6 14. e4 O-O 15. h4 Be7 16. Qe2 Bxc5 17. dxc5 Qd3 18.
Qxd3 cxd3 19. Rcd1 Rfd8 20. b3 f6 21. e5 Kf7 22. Rd2 Rb5 23. Rc1 Bd5 24. Rxd3 c6 25. Rd2 Nb7 26. Rdc2 h6 27. Nd4 Rxc5 28. Bxd5 Rdxd5 29. Nxc6 Rxc2 30. Rxc2 a5 31. exf6 gxf6 32. Kg2 Rc5 33.
Rxc5 Nxc5 34. Nxa5 Nd3 35. Nc6 Ke8 36. Kf3 Kd7 37. Ke3 Nxf2 38. Ne5+ Kd6 39. Nf7+ Ke7 40. Nxh6 Nd1+ 41. Kd2 Nc3 42. Ng4 Nxa2 43. Nf2 Nc3 44. Nd3 Ne4+ 45. Ke1 Nxg3 46. Nxb4 Kd6 47. Nd3 Kd5 48. Kf2 Nh5 49. Ke3 e5 50. b4 f5 51. b5 f4+ 52. Kf3 e4+ 53. Ke2 f3+ 54.
Ke3 exd3 55. Kxd3 Ng3 56. Ke3 Nf5+ 57. Kxf3 Nxh4+ 58. Kg4 Kc5 59. b6 Kxb6 1/2-1/2

[Event "Early-Titled-Tuesday-Blitz-April-16-2024"]
[Site "Chess.com"]
[Date "2024.04.16"]
[Round "2"]
[White "Anton_Demchenko"]
[Black "Timerkhanov"]
[Result "1/2-1/2"]
[WhiteElo "3013"]
[BlackElo "2625"]
[TimeControl "180+1"]
[EndTime "8:18:44 PDT"]
[Termination "Game drawn - insufficient material"]

1. e4 c5 2. Nf3 a6 3. c3 d5 4. exd5 Qxd5 5. Na3 Nf6 6. Nc4 Bg4 7. Ne3 Qd7 8. Nxg4 Qxg4 9. h3 Qc8 10. d4 e6 11.
Be2 Nc6 12. O-O Be7 13. Bg5 h6 14. Bh4 O-O 15. dxc5 Bxc5 16. Qc2 Nd5 17. Bg3 Nce7 18. Bd3 Rd8 19. Rad1 Nc6 20. Qe2 Bd6 21. Bxd6 Rxd6 22.
Bc2 Rd8 23. Rfe1 Qc7 24. g3 b5 25. Bb3 Nf6 26. a3 Rxd1 27. Rxd1 Rd8 28. Rxd8+ Qxd8 29. Qe3 Na5 30. Bc2 Nc4 31. Qc1 Qd5 32. Nd4 Nd7 33. b3 Nd6 34. Qe3 Qc5 35. Qf3 Nb6 36. Qc6 Qxc6 37.
Nxc6 Nd5 38. Nb4 Nxc3 39. Nxa6 Kf8 40. Kf1 Ke7 41. Ke1 Kd7 42. Nb4 Nce4 43. Ke2 Nc5 44. Ke3 e5 45. Nd3 Nxd3 46. Bxd3 Kc6 47. f4 f6 48.
fxe5 fxe5 49. a4 bxa4 50. bxa4 Nb7 51. Be2 Nc5 52. Bb5+ Kd6 53. h4 Nb7 54. Ke4 Ke6 55. Bc4+ Kd6 56. Ke3 Nc5 57. a5 Kc6 58. a6 Kb6 59. h5 Nd7 60. Ke4 Nf6+ 61. Kxe5 Nxh5 62. g4 Nf6 63. Kf5 Ka7 64. Be2 Kb6 65. Kf4 Nd5+ 66. Ke5 Ne3 67. Ke6 Nxg4 68. Bxg4 Kxa6 69. Kf7 Kb6 70.
Kxg7 Kc5 71. Bh5 Kd4 72. Kxh6 1/2-1/2

[Event "Early-Titled-Tuesday-Blitz-April-16-2024"]
[Site "Chess.com"]
[Date "2024.04.16"]
[Round "2"]
[White "JoliyRoger"]
[Black "NusratAlo"]
[Result "1-0"]
[WhiteElo "2427"]
[BlackElo "1876"]
[TimeControl "180+1"]
[EndTime "8:18:44 PDT"]
[Termination "JoliyRoger won on time"]

1. d4 d5 2. c4 c6 3. Nc3 Nf6 4. e3 e6 5. Nf3 Nbd7 6. b3 b6 7. Bb2 Bb7 8. Bd3 Bd6 9. O-O O-O 10. Qe2 Rc8 11. Rac1 c5 12. cxd5 cxd4 13. Nxd4 exd5 14. Ba6 Nc5 15. Bxb7 Nxb7 16. Ncb5 a6 17. Rxc8 Qxc8 18. Nxd6 Nxd6 19. Rc1 Qb7 20. h3 Rc8 21. Rd1 Nfe4 22.
Qd3 b5 23. Nf3 Rc5 24. Bd4 Rc7 25. Be5 Rc5 26. Qd4 Qc6 27. Qa1 f6 28. Nd4 Qc8 29. Bf4 Nc3 30. Re1 Nce4 31. Kh2 Nf5 32. f3 Nc3 33. Qb2 b4 34. Qd2 h6 35. g4 Ne7 36. Bg3 Kf8 37. Bf2 Kg8 38. Kg2 Nc6 39. Nf5 Ne5 40. e4 Qe6 41. Bxc5 dxe4 42. Qd8+ Kh7 43.
f4 e3 44. Rxe3 Qc6+ 45. Kg3 Qh1 46. Rxc3 Qe1+ 47. Bf2 Qxc3+ 48. Kh2 Nf3+ 49. Kg2 Qc2 50. Qe7 Ne1+ 51. Kf1 Qd3+ 52. Kxe1 Qb1+ 53. Ke2 Qc2+ 54. Kf3 Qd3+ 55. Kg2 Qd5+ 56. Kg3 Qg8 57. Qd7 h5 58. Bd4 Qf8 59. Bc5 Kg6 60. Bxf8 1-0

[Event "Early-Titled-Tuesday-Blitz-April-16-2024"]
[Site "Chess.com"]
[Date "2024.04.16"]
[Round "2"]
[White "bobo_panda"]
[Black "DanyKopy"]
[Result "0-1"]
[WhiteElo "2345"]
[BlackElo "2545"]
[TimeControl "180+1"]
[EndTime "8:18:47 PDT"]
[Termination "DanyKopy won by checkmate"]

1. e4 c5 2. Nf3 Nc6 3. d4 cxd4 4. Nxd4 e5 5. Nb5 d6 6. N1c3 a6 7. Na3 Be6 8. Nd5 Bxd5 9. exd5 Nce7 10. Nc4 Qc7 11.
a4 f5 12. Be3 Nf6 13. Bb6 Qd7 14. g3 Nexd5 15. Bg2 e4 16. Bd4 Be7 17. O-O O-O 18. f3 b5 19. fxe4 fxe4 20. Ne3 Nxe3 21. Bxe3 d5 22. Qd4 Rac8 23. axb5 Bc5 24. Qxc5 Rxc5 25.
Bxc5 Qxb5 26. Bxf8 Kxf8 27. c3 Qxb2 28. Rxa6 Qxc3 29.
Rb1 Qc5+ 30. Kh1 Kf7 31. Re1 Ng4 32. Rf1+ Nf2+ 33. Kg1 e3 34. Ra2 g6 35. h4 Kg7 36.
Rfxf2 exf2+ 37. Rxf2 Qe3 38. Bf3 d4 39. Kg2 d3 40. Rf1 d2 41. Rd1 Kf6 42. Rf1 Ke5 43. Rd1 Kd4 44. h5 g5 45. Ra1 Qc3 46. Rd1 h6 47. g4 Ke3 48. Rf1 Qc1 49. Bd1 Qc6+ 50. Bf3 Qd6 51. Bd1 Qd5+ 52. Rf3+ Kd4 53. Kg3 Qe5+ 54.
Kg2 Qe1 55. Rf1 Kc3 56. Bf3 Kc2 57. Kg1 Kd3 58. Kg2 Ke3 59. Bd1 Kd4 60. Bf3 Qe3 61. Bd1 Kc3 62. Bf3 Kc2 63. Bd1+ Kc1 64. Bf3+ Qe1 65.
Kg1 Qxf1+ 66. Kxf1 d1=Q+ 67. Bxd1 Kxd1 68. Kf2 Kd2 69. Kf3 Kd3 70. Kf2 Ke4 71. Kg3 Ke3 72. Kh3 Kf3 73. Kh2 Kxg4 74. Kg2 Kxh5 75. Kf2 Kg4 76. Kg2 h5 77. Kh2 h4 78. Kg2 h3+ 79. Kf2 Kh4 80. Kf3 g4+ 81. Kf2 g3+ 82. Kf3 h2 83.
Kg2 h1=Q+ 84. Kxh1 Kh3 85. Kg1 g2 86. Kf2 Kh2 87. Kf3 g1=Q 88. Ke2 Qd4 89. Kf3 Qe5 90.
Kg4 Qf6 91. Kh5 Qg7 92. Kh4 Kg2 93. Kh5 Kf3 94. Kh4 Qg4# 0-1

[Event "Early-Titled-Tuesday-Blitz-April-16-2024"]
[Site "Chess.com"]
[Date "2024.04.16"]
[Round "2"]
[White "superchess02"]
[Black "Kazmin_Semyon"]
[Result "1-0"]
[WhiteElo "2881"]
[BlackElo "2583"]
[TimeControl "180+1"]
[EndTime "8:18:54 PDT"]
[Termination "superchess02 won by resignation"]

1. d4 Nf6 2. c4 e6 3. Nc3 Bb4 4. Qc2 d5 5. a3 Bxc3+ 6. Qxc3 Ne4 7. Qc2 c5 8. dxc5 Nc6 9. Nf3 Qa5+ 10. Bd2 Qxc5 11.
e3 Nxd2 12. Nxd2 dxc4 13. Bxc4 O-O 14. O-O e5 15. b4 Qe7 16. Bd3 h6 17. Be4 Bd7 18.
Nb3 Rac8 19. Nc5 Nd8 20. Rfd1 Bc6 21. Bxc6 Rxc6 22. Qe4 Rc7 23. Rd5 b6 24. Nd3 f6 25.
h4 Nf7 26. b5 Rfc8 27. Nb4 Rc4 28. Qf5 Nd6 29. Qd3 Rc1+ 30. Rxc1 Rxc1+ 31. Kh2 f5 32. g3 Ne4 33. Nc6 Qf6 34. Kg2 Ra1 35. Rxe5 Kh7 36.
Qd5 Rc1 37. Rxf5 Rc5 38. Rxf6 Rxd5 39. Rf7 Nc3 40. Nd4 Nxb5 41. Nxb5 Rxb5 42. Rxa7 Rb2 43. Kf3 Ra2 44. h5 b5 45. Ra5 Kg8 46. Rxb5 Rxa3 47. Rb7 Kh7 48. g4 Ra5 49. Kf4 Kg8 50. e4 Kf8 51. f3 Rc5 52. Rd7 Ra5 53. Rb7 Ra3 54. e5 Rc3 55. Ke4 Rc4+ 56. Kf5 Rc6 57. f4 Ra6 58. Rd7 Kg8 59. e6 Kf8 60. Rf7+ Kg8 61. Rb7 Kf8 62. g5 hxg5 63. fxg5 Rc6 64. h6 gxh6 65. gxh6 Ra6 66. Kf6 Kg8 67. Rb8+ Kh7 68. Kf7 Ra1 69. e7 Rf1+ 70. Ke6 Re1+ 71. Kd6 Rd1+ 72.
Kc5 Rc1+ 73. Kd4 Rd1+ 74. Kc3 Re1 75. e8=Q 1-0

[Event "Early-Titled-Tuesday-Blitz-April-16-2024"]
[Site "Chess.com"]
[Date "2024.04.16"]
[Round "2"]
[White "MikhailBLR"]
[Black "Rawnsdale"]
[Result "1-0"]
[WhiteElo "2327"]
[BlackElo "2516"]
[TimeControl "180+1"]
[EndTime "8:18:57 PDT"]
[Termination "MikhailBLR won by checkmate"]

1. e4 c6 2. d4 d5 3. exd5 cxd5 4. c4 Nf6 5. Nc3 Nc6 6. Nf3 Be6 7. cxd5 Bxd5 8.
Be2 e6 9. O-O Be7 10. Be3 O-O 11. h3 Rc8 12. Rc1 Qa5 13. a3 Rfd8 14. Qd2 Bb3 15. Nb1 Qc7 16. Ne5 Qd6 17. Nxc6 bxc6 18. Qa5 Nd5 19. Nd2 Rb8 20. Bc4 Nxe3 21. fxe3 Bxc4 22.
Nxc4 Qg3 23. Rf3 Qh4 24. Ne5 c5 25. Nc6 Bf6 26. Nxd8 Rxd8 27. Qxc5 h6 28. Rcf1 Qe4 29. Qc7 Rf8 30. b4 a6 31. Qb6 h5 32. Qxa6 e5 33.
dxe5 Qxe5 34. Qa5 Qc3 35. Qxh5 Qxa3 36. Qg4 Bc3 37. e4 Qxb4 38. Rg3 Bd4+ 39. Kh1 Qd6 40. e5 Qxe5 41. Qg5 Qxg5 42. Rxg5 Bc3 43. Rg4 Re8 44.
Rf3 Be5 45. g3 f6 46. Kg2 Kf7 47. Re4 Re6 48. Re2 Ke7 49. Rd3 Rc6 50. Red2 Ke6 51. Rd7 Rc3 52. Rxg7 Re3 53. Rg4 Ra3 54. h4 Kf5 55.
Rg8 Ke6 56. Rf2 Kf7 57. Rg4 Rb3 58. Rf3 Rb2+ 59. Kh3 Ke6 60. Re4 Rb1 61. Re2 Rh1+ 62. Rh2 Rg1 63. h5 Kf7 64. Kg4 Kg7 65. h6+ Kh7 66. Rh3 Rc1 67. Kf5 Rc5 68. Ke6 Bb2 69.
Kf7 Rc7+ 70. Ke6 Rc6+ 71. Kd7 Rc5 72. Rf4 Rg5 73. g4 Be5 74. Re4 Rg8 75. Ke6 Re8+ 76. Kf5 Rg8 77. Rh5 Bc3 78. Re7+ Kh8 79. h7 Rf8 80.
Re6 Bd4 81. Re4 Bc3 82. Rh3 Bb2 83. Re2 Be5 84. g5 Ba1 85. g6 Re8 86. Rxe8+ Kg7 87. h8=Q# 1-0

[Event "Early-Titled-Tuesday-Blitz-April-16-2024"]
[Site "Chess.com"]
[Date "2024.04.16"]
[Round "2"]
[White "Vahe_Danielyan"]
[Black "VerdeNotte"]
[Result "1/2-1/2"]
[WhiteElo "2597"]
[BlackElo "2885"]
[TimeControl "180+1"]
[EndTime "8:19:04 PDT"]
[Termination "Game drawn - insufficient material"]

1. e4 e5 2. Nf3 Nc6 3. Bb5 a6 4. Ba4 Nf6 5. d3 d6 6. c3 g6 7.
O-O Bg7 8. Nbd2 O-O 9. d4 b5 10. Bb3 exd4 11. cxd4 Bg4 12. h3 Bxf3 13. Nxf3 Na5 14.
Bc2 c5 15. b3 Nc6 16. Bb2 Re8 17. Re1 Nb4 18. Bb1 c4 19. bxc4 bxc4 20. Bc3 Qb6 21. a3 Nd3 22. Bxd3 cxd3 23. Qxd3 Qb5 24. Qxb5 axb5 25.
Nd2 Rec8 26. Bb4 Nh5 27. Nb3 Rd8 28. g3 Rac8 29. Rac1 Rc4 30. Na5 Rxc1 31. Rxc1 Re8 32. Bxd6 Bxd4 33. Nc6 Bb6 34. Ne7+ Kg7 35. Rc6 Bd4 36.
Kg2 Nf6 37. e5 Ne4 38. f3 Nd2 39. f4 Nc4 40. Bb4 Bb2 41. Nd5 Bxa3 42. Bxa3 Nxa3 43. Nf6 Rd8 44. Rb6 h5 45. h4 Kf8 46. Rb7 Rd2+ 47. Kf3 Rd3+ 48. Ke4 Rd8 49. Nd7+ Ke8 50. Nf6+ Kf8 51.
f5 gxf5+ 52. Kxf5 Nc4 53. Nxh5 Ne3+ 54. Ke4 Nd5 55. Nf4 Nc3+ 56. Kf5 Rc8 57. e6 fxe6+ 58. Nxe6+ Kg8 59. Kf6 Ne4+ 60. Kg6 Nxg3 61. Rg7+ Kh8 62. Rh7+ Kg8 63. Rg7+ Kh8 64. Rh7+ Kg8 65. Rb7 Kh8 66. h5 Rg8+ 67. Kf6 Nxh5+ 68. Ke5 Ng7 69. Nf4 Re8+ 70. Kf6 Rf8+ 71. Kg5 Kg8 72. Nd5 Rf5+ 73. Kg6 Kf8 74. Rb8+ Ne8 75. Nc7 Re5 76. Nxe8 Rxe8 77. Rxb5 Re6+ 78.
Kg5 Kf7 79. Rf5+ Ke7 80. Kf4 Rf6 81. Rxf6 Kxf6 1/2-1/2

[Event "Early-Titled-Tuesday-Blitz-April-16-2024"]
[Site "Chess.com"]
[Date "2024.04.16"]
[Round "2"]
[White "KVAIDAN"]
[Black "wannabe2700"]
[Result "1-0"]
[WhiteElo "2334"]
[BlackElo "2651"]
[TimeControl "180+1"]
[EndTime "8:19:06 PDT"]
[Termination "KVAIDAN won by checkmate"]

1. f4 d5 2. Nf3 Nf6 3. e3 g6 4. Be2 Bg7 5. O-O O-O 6. d3 c5 7. Kh1 Nc6 8. a4 Qc7 9. Nc3 a6 10. e4 dxe4 11. dxe4 Rd8 12. Qe1 Nd4 13. Bd1 e6 14. Qh4 b6 15. f5 Nxf3 16. Bxf3 e5 17. Bg5 Rd6 18. Rad1 Bb7 19. fxg6 hxg6 20. Rxd6 Qxd6 21.
Be2 Nh7 22. Be7 Qe6 23. Nd5 Bxd5 24. exd5 Qd7 25. d6 b5 26. Bf3 Qf5 27. Qe1 Rb8 28.
Bd5 Qh5 29. Bxf7+ Kh8 30. d7 Bf6 31. Rxf6 Qg5 32. d8=Q+ Rxd8 33. Bxd8 Nxf6 34. axb5 axb5 35. Qf1 Kg7 36. Bd5 Qf5 37. Qxf5 gxf5 38. Bc6 b4 39. Be7 c4 40. Bxb4 Ng4 41. Kg1 Ne3 42. Ba4 Kf6 43. Bc3 Ke6 44. h3 f4 45. Kf2 Nd5 46.
Kf3 Kf5 47. Bd7+ Kf6 48. Ke4 Ne3 49. Bxe5+ Ke7 50. Ba4 Nxg2 51. Bxf4 Kf6 52. h4 Nxh4 53.
Kd4 Kf5 54. Bc7 Nf3+ 55. Kxc4 Ke6 56. Bb6 Ne5+ 57. Kb3 Kd5 58. Be3 Ng4 59. Bd2 Ne5 60. Bb5 Kc5 61. c4 Nd3 62. Be3+ Kd6 63. Kc3 Ne5 64. Bf4 Kc5 65. Bxe5 Kb6 66. Kb4 Kb7 67. c5 Ka7 68. c6 Kb6 69. Bd6 Ka7 70. Bc7 Ka8 71. Kc5 Ka7 72. Bc4 Ka8 73. Ba6 Ka7 74. Bc8 Ka8 75. Bb7+ Ka7 76. Bb6+ Kb8 77. Ba7+ Kxa7 78. Kd6 Kb6 79. Kd7 Ka7 80. Bc8 Kb8 81.
Ba6 Ka7 82. Bd3 Kb6 83. c7 Ka5 84. c8=Q Ka4 85. Qc4+ Ka5 86. Qb5# 1-0

[Event "Early-Titled-Tuesday-Blitz-April-16-2024"]
[Site "Chess.com"]
[Date "2024.04.16"]
[Round "2"]
[White "Aryan_Tamadon"]
[Black "MdChess1734"]
[Result "0-1"]
[WhiteElo "2654"]
[BlackElo "2373"]
[TimeControl "180+1"]
[EndTime "8:19:29 PDT"]
[Termination "MdChess1734 won by checkmate"]

1. Nf3 Nf6 2. g3 b5 3. Bg2 Bb7 4. O-O e6 5. a4 a6 6. Na3 b4 7. Nc4 a5 8. b3 Be7 9. Bb2 d6 10. c3 Nbd7 11. cxb4 axb4 12. d4 O-O 13. Rc1 Bd5 14. Ne3 Be4 15. Ne1 Bxg2 16. Kxg2 Qb8 17. Nd3 Qb7+ 18. f3 c5 19. dxc5 dxc5 20. Nc4 Rfd8 21.
Qc2 Rac8 22. Rfd1 Nb6 23. Nde5 Nxc4 24. Nxc4 Rd7 25. Rxd7 Nxd7 26. Rd1 Nb6 27. Rd3 Qa6 28. Nxb6 Qxb6 29. Qc4 Bf8 30. Be5 Ra8 31. Qf4 Qc6 32. Qc4 Qa6 33. Qxa6 Rxa6 34. Rd8 f6 35. Bc7 Kf7 36.
Rd7+ Ke8 37. Rd8+ Kf7 38. Rb8 c4 39. bxc4 Rxa4 40. Bf4 Ra2 41. Kf1 Rc2 42. Rb7+ Ke8 43. Rb8+ Kf7 44. Rb7+ Kg6 45. Rb8 Bc5 46. Rc8 Bd4 47.
e3 Bb2 48. Rb8 Rxc4 49. Bd6 Bc3 50. Ke2 Rc6 51. Bxb4 Bxb4 52. Rxb4 Rc2+ 53. Kd3 Rxh2 54. Rg4+ Kf7 55. Rb4 Rg2 56. g4 Rf2 57. Ke4 Kg6 58.
Kf4 e5+ 59. Kg3 Re2 60. Rb3 h5 61. gxh5+ Kxh5 62. Ra3 Kg5 63. Kh3 f5 64. Rb3 g6 65.
Ra3 Re1 66. Kg3 Rxe3 67. Rxe3 f4+ 68. Kf2 fxe3+ 69. Kxe3 Kf5 70. Ke2 Kf4 71. Kf2 g5 72.
Kg2 g4 73. fxg4 Kxg4 74. Kf2 Kf4 75. Ke2 Ke4 76. Ke1 Ke3 77. Kf1 Kd2 78. Kf2 e4 79. Kg2 e3 80. Kh2 e2 81. Kg2 e1=Q 82. Kh2 Qf1 83.
Kg3 Ke3 84. Kh4 Qg2 85. Kh5 Qg7 86. Kh4 Kf4 87. Kh5 Qg5# 0-1